 Dungeon Crawl Stone Soup version 0.26.0-45-g9c1d065592 (webtiles) character file.

Game seed: 9014615908696214033

14492 Jynx the Bludgeoner (level 11, -1/104 HPs)
             Began as a Minotaur Fighter on Jan 27, 2021.
             Was a High Priest of Okawaru.
             Slain by a blink frog (5 damage)
             ... on level 2 of the Lair of Beasts.
             The game lasted 00:24:30 (15150 turns).

Jynx the Bludgeoner (Minotaur Fighter)             Turns: 15150, Time: 00:24:30

Health: -1/104     AC:  7    Str: 22    XL:     11   Next: 89%
Magic:  10/10      EV: 11    Int:  9    God:    Okawaru [*****.]
Gold:   936        SH:  0    Dex: 21    Spells: 10/10 levels left

rFire    + . .     SeeInvis .   b - +0 eveningstar (holy)
rCold    . . .     Faith    .   (no shield)
rNeg     + . .     Spirit   .   u - +1 leather armour "Reamud" {-Cast rN+ Int+4 Dex+9} (curse)
rPois    .         Reflect  .   C - +0 hat
rElec    .         Harm     .   (no cloak)
rCorr    +         Rampage  .   d - +0 pair of gloves
Will     .....     NoCast   +   r - +0 pair of boots
Stlth    ++........             (no amulet)
HPRegen  0.27/turn              f - ring of resist corrosion
MPRegen  0.12/turn              D - ring of protection from fire

@: hasted, very quick
A: retaliatory headbutt, horns 2
a: Renounce Religion, Heroism, Finesse


You were on level 2 of the Lair of Beasts.
You worshipped Okawaru.
Okawaru was extremely pleased with you.
You visited 3 branches of the dungeon, and saw 14 of its levels.

You collected 936 gold pieces.

Inventory:

Hand Weapons
 b - a +0 eveningstar of holy wrath (weapon)
 s - a +4 flail
Armour
 c - a +0 kite shield
 d - a +0 pair of gloves (worn)
 r - a +0 pair of boots (worn)
 t - the +0 ring mail "Guinam" {rF+}
   (You found it on level 5 of the Dungeon)

   It protects you from fire.
 u - the cursed +1 leather armour "Reamud" (worn) {-Cast rN+ Int+4 Dex+9}
   (You found it on level 5 of the Dungeon)

   It affects your intelligence (+4).
   It affects your dexterity (+9).
   It protects you from negative energy.
   It prevents spellcasting.
   It has a curse placed upon it.
 C - a +0 hat (worn)
Jewellery
 f - a ring of resist corrosion (left hand)
 y - an uncursed ring of positive energy
 D - a ring of protection from fire (right hand)
 H - an uncursed ring of positive energy
Wands
 v - a wand of polymorph (5)
 z - a wand of flame (14)
 E - a wand of enslavement (9)
 G - a wand of disintegration (17)
Scrolls
 a - 9 scrolls of remove curse
 e - 3 scrolls of amnesia
 i - 2 scrolls of immolation {unknown}
 l - 10 scrolls of teleportation
 o - 2 scrolls of fear
 w - a scroll of holy word {unknown}
 x - a scroll of noise {unknown}
 B - a scroll of blinking {unknown}
 F - a scroll of acquirement {unknown}
Potions
 g - 4 potions of invisibility
 h - a potion of mutation {unknown}
 j - a potion of heal wounds
 k - 3 potions of curing
 m - a potion of flight {unknown}
 n - 2 potions of berserk rage
 p - a potion of haste
 q - a potion of attraction
 A - 4 potions of lignification


   Skills:
 + Level 11.8 Fighting
 + Level 18.1 Maces & Flails
 + Level 5.8 Armour
 - Level 0.2 Dodging
 - Level 3.8 Shields


You had 10 spell levels left.
You didn't know any spells.
Your spell library contained the following spells:

 Spells                   Type           Power        Failure   Level
 Animate Skeleton         Necr           0%           43%         1
 Apportation              Tloc           0%           43%         1
 Corona                   Hex            0%           43%         1
 Summon Small Mammal      Summ           0%           43%         1


Dungeon Overview and Level Annotations

Branches:
Dungeon (9/15)             Temple (1/1) D:4            Lair (4/6) D:9
 Shoals (0/4) Lair:2
  Snake: Lair:2-4    Spider: Lair:2-4       Orc: D:9-12

Altars:
Ashenzari
Cheibriados
Dithmenos
Elyvilon
Fedhas
Gozag
Hepliaklqana
Kikubaaqudgha
Makhleb
Nemelex Xobeh
Okawaru
Qazlal
Ru
Sif Muna
Trog
Uskayaw
Vehumet
Wu Jian
Xom
Yredelemnul
Zin
The Shining One

Shops:
D:5 (   D:9 }

Annotations:
Lair:4 Sonja


Innate Abilities, Weirdness & Mutations

You reflexively headbutt those who attack you in melee.
You have a pair of horns on your head.


Message History

You hit the blink frog but do no damage.
Your headbutt misses the blink frog. The blink frog hits you!
* * * LOW HITPOINT WARNING * * *
You hit the blink frog. Your headbutt misses the blink frog.
The blink frog is lightly wounded.
The blink frog blinks!
The blink frog barely misses you.
You sock the blink frog!
The blink frog is severely wounded.
The blink frog hits you!
* * * LOW HITPOINT WARNING * * *
You hit the blink frog.
The blink frog is almost dead.
You miss the blink frog. You closely miss the blink frog.
Your headbutt misses the blink frog. The blink frog barely misses you.
The blink frog blinks!
The blink frog hits you!
* * * LOW HITPOINT WARNING * * *
The blink frog blinks! x2
The blink frog hits you.
You die...

#.... #.##.......
###... ##.........#
#PP...###...........
......##...........
##....###..........
#...F..#ยง..........
.###......F..........
.......F..##........#
#.....>@.###..)....#
#...................#
##........#......F.##
#.........##.......#
#.........######.....
#.......... #...
.#.........#
...........
............


You could see 3 blink frogs.

Vanquished Creatures
  A hydra (Lair:4)
  A two-headed ogre (D:8)
  Pikel (D:8)
  A black mamba (Lair:4)
  Psyche (D:8)
  3 cane toads (Lair:1)
  5 elephants (Lair:4)
  2 rime drakes
  A komodo dragon (Lair:1)
  A hornet (D:9)
  Grinder (D:3)
  Sigmund (D:3)
  A wyvern (Lair:1)
  A basilisk (Lair:1)
  8 yaks (Lair:1)
  Eustachio (D:6)
  10 water moccasins
  3 wargs (D:9)
  A black bear (Lair:1)
  2 orc warriors
  4 sky beasts
  2 phantoms (D:5)
  An ice beast (D:5)
  5 ogres
  A necrophage (D:9)
  4 centaurs (Lair:2)
  A lemure (D:8)
  2 big kobolds
  8 bullfrogs
  2 gnoll sergeants (D:9)
  4 scorpions
  6 killer bees (D:7)
  9 wights (D:6)
  5 howler monkeys
  A centaur zombie (D:6)
  2 bullfrog zombies
  A quasit (D:9)
  9 orc priests
  7 hounds
  A centaur skeleton (D:8)
  2 bullfrog skeletons
  2 gnoll shamans
  6 orc wizards
  4 worker ants
  2 iguanas
  Natasha (thrice) (D:2)
  4 hell rats (Lair:4)
  A killer bee zombie (D:7)
  A hound zombie (D:5)
  A hound skeleton (D:9)
  13 gnolls
  10 adders
  A howler monkey skeleton (D:8)
  A shadow imp (D:8)
  2 white imps
  An ufetubus (D:8)
  2 oozes
  A dart slug (D:3)
  9 leopard geckos
  21 orcs
  11 bats
  7 giant cockroaches
  15 hobgoblins
  18 jackals
  4 quokkas
  6 frilled lizards
  6 goblins
  24 kobolds
  A leopard gecko zombie (D:8)
  12 rats
  A spectral orc (D:8)
313 creatures vanquished.

Vanquished Creatures (others)
  10 fungi
  33 plants
43 creatures vanquished.

Grand Total: 356 creatures vanquished

Notes
Turn   | Place    | Note
-------+----------+-------------------------------------------
     0 | D:1      | Jynx the Minotaur Fighter began the quest for the Orb.
     0 | D:1      | Reached XP level 1. HP: 19/19 MP: 0/0
   229 | D:1      | Reached XP level 2. HP: 24/27 MP: 1/1
   516 | D:1      | Reached skill level 3 in Maces & Flails
   609 | D:2      | Noticed a howler monkey
   615 | D:1      | Reached XP level 3. HP: 34/34 MP: 2/2
   624 | D:2      | Reached XP level 4. HP: 39/41 MP: 3/3
   671 | D:2      | Found a burning altar of Makhleb.
   763 | D:2      | Reached skill level 5 in Fighting
   771 | D:2      | Noticed Natasha
   775 | D:2      | Killed Natasha
   776 | D:2      | Reached skill level 4 in Maces & Flails
   939 | D:2      | Noticed Natasha
   947 | D:2      | Killed Natasha
  1077 | D:2      | Reached XP level 5. HP: 46/48 MP: 4/4
  1172 | D:2      | Noticed Natasha
  1181 | D:2      | Killed Natasha
  1472 | D:3      | Noticed Grinder
  1478 | D:3      | Paralysed by Grinder for 4 turns
  1799 | D:3      | Paralysed by Grinder for 7 turns
  2066 | D:3      | Paralysed by Grinder for 7 turns
  2084 | D:3      | Paralysed by Grinder for 3 turns
  2089 | D:3      | Killed Grinder
  2090 | D:3      | Reached skill level 6 in Maces & Flails
  2090 | D:3      | Reached XP level 6. HP: 31/58 MP: 5/5
  2093 | D:3      | Noticed Sigmund
  2241 | D:3      | Killed Sigmund
  2242 | D:3      | Reached XP level 7. HP: 46/66 MP: 6/6
  2466 | D:3      | Found a shimmering altar of Xom.
  2467 | D:3      | Found a hazy altar of Hepliaklqana.
  2468 | D:3      | Noticed a spectral ugly thing
  2468 | D:3      | Noticed a yak
  3087 | D:3      | Reached skill level 7 in Maces & Flails
  3325 | D:4      | Found a staircase to the Ecumenical Temple.
  3330 | Temple   | Entered the Ecumenical Temple
  3722 | D:4      | Found an opulent altar of Gozag.
  3722 | D:4      | Found an ancient bone altar of Kikubaaqudgha.
  3723 | D:4      | Found an iron altar of Okawaru.
  3729 | D:4      | Became a worshipper of Warmaster Okawaru
  3973 | D:5      | Entered Level 5 of the Dungeon
  3984 | D:5      | Got a crude ring mail
  3999 | D:5      | Got a crude leather armour
  4004 | D:5      | Identified the +0 ring mail "Guinam" {rF+} (You found it on
                  | level 5 of the Dungeon)
  4172 | D:5      | Identified the cursed +1 leather armour "Reamud" {-Cast rN+
                  | Int+4 Dex+9} (You found it on level 5 of the Dungeon)
  4560 | D:5      | Reached skill level 8 in Maces & Flails
  4560 | D:5      | Reached XP level 8. HP: 53/75 MP: 7/7
  4714 | D:5      | Found a broken altar of Ashenzari.
  5000 | D:5      | Noticed a +0 dagger
  5000 | D:5      | Noticed a +0 dagger
  5004 | D:5      | Found a hide-covered altar of Uskayaw.
  5040 | D:5      | Found Seymeyra's Weapon Emporium.
  5179 | D:6      | Reached * piety under Okawaru
  5450 | D:5      | Reached skill level 9 in Maces & Flails
  5710 | D:6      | Noticed Eustachio
  5722 | D:6      | Killed Eustachio
  5859 | D:6      | Reached skill level 10 in Fighting
  5978 | D:6      | Found a sparkling altar of Nemelex Xobeh.
  6089 | D:6      | Reached ** piety under Okawaru
  6211 | D:6      | Reached skill level 10 in Maces & Flails
  6215 | D:6      | Reached XP level 9. HP: 75/86 MP: 8/8
  6534 | D:6      | Found a stormy altar of Qazlal.
  6908 | D:7      | Reached skill level 11 in Maces & Flails
  7230 | D:8      | Reached *** piety under Okawaru
  7267 | D:8      | Noticed Psyche
  7275 | D:8      | Killed Psyche
  7276 | D:8      | Reached skill level 12 in Maces & Flails
  7583 | D:8      | Found a basalt altar of Yredelemnul.
  7583 | D:8      | Noticed Pikel
  7591 | D:8      | Killed Pikel
  7591 | D:8      | Received a gift from Okawaru
  7592 | D:8      | Reached skill level 13 in Maces & Flails
  7930 | D:8      | Found a white marble altar of Elyvilon.
  8018 | D:8      | Reached XP level 10. HP: 79/95 MP: 9/9
  8411 | D:8      | Noticed a two-headed ogre
  8421 | D:8      | Killed a two-headed ogre
  8711 | D:9      | Reached skill level 14 in Maces & Flails
  8746 | D:9      | Reached **** piety under Okawaru
  8834 | D:9      | Paralysed by a hornet for 1 turns
  8837 | D:9      | Paralysed by a hornet for 1 turns
  9232 | D:9      | Reached skill level 15 in Maces & Flails
  9928 | D:9      | Found a staircase to the Lair.
 10003 | D:9      | Found a bloodstained altar of Trog.
 10221 | D:9      | Found Laqeonus's Gadget Emporium.
 10750 | D:9      | Received a gift from Okawaru
 11195 | Lair:1   | Entered Level 1 of the Lair of Beasts
 11195 | Lair:1   | Noticed a cane toad
 11201 | Lair:1   | Killed a cane toad
 11202 | Lair:1   | Reached skill level 16 in Maces & Flails
 11450 | Lair:1   | Noticed a cane toad
 11459 | Lair:1   | Killed a cane toad
 11460 | Lair:1   | Reached XP level 11. HP: 71/102 MP: 10/10
 12182 | Lair:1   | Reached ***** piety under Okawaru
 12704 | Lair:1   | Reached skill level 17 in Maces & Flails
 13646 | Lair:2   | Found a staircase to the Shoals.
 13662 | Lair:2   | Received a gift from Okawaru
 13764 | Lair:2   | You fall into a shaft and drop 2 floors!
 13920 | Lair:4   | Reached skill level 5 in Armour
 14161 | Lair:4   | Received a gift from Okawaru
 14162 | Lair:4   | Reached skill level 18 in Maces & Flails
 14271 | Lair:4   | Noticed Sonja
 14654 | Lair:4   | Noticed a six-headed hydra
 14662 | Lair:4   | Killed a six-headed hydra
 15079 | Lair:4   | Noticed a death yak
 15079 | Lair:4   | Noticed a death yak
 15079 | Lair:4   | Noticed a death yak
 15079 | Lair:4   | Noticed a death yak
 15080 | Lair:4   | Noticed a death yak
 15148 | Lair:2   | HP: 4/104 [blink frog (13)]
 15150 | Lair:2   | Slain by a blink frog

Illustrated notes

Levels and vault maps discovered:
D:1:      lordsloth_arrival_two_stooges, layout_basic,
          minmay_misc_feat_secret_circle, minmay_domino_4
D:2:      layout_loops_ring, bloody_makhleb, uniq_natasha
D:3:      layout_rooms, regret_index_temple_of_mockery, st_stairs_1,
          uniq_sigmund, uniq_grinder
D:4:      layout_basic, gammafunk_temple_overflow_claw, temple_statues,
          serial_rivers, chequers_serial_rivers_marsh,
          chequers_serial_rivers_micro_c, chequers_serial_rivers_micro_b,
          chequers_serial_rivers_micro_b, chequers_serial_rivers_room_a,
          hex_tiny
D:5:      layout_basic, dancing_weapons_uskayaw, cheibrodos_ashenzari_chains,
          serial_shops, shop
D:6:      layout_cave_pools, marbit_many_paths, general_overflow_altar,
          uniq_eustachio
D:7:      layout_basic, due_unseen_surprise
D:8:      layout_cave_pods, kennysheep_mini_moat,
          yredelemnul_forgotten_temple_becter, serial_column_ruins,
          column_ruins_hut, column_ruins_grid_1, column_ruins_grid_1,
          column_ruins_grid_1, serial_park_tiny_pond, uniq_pikel, uniq_psyche
D:9:      kennysheep_housing_project, layout_loops_cross,
          nicolae_overflow_crystal_walls, erik_lair_orcish_takeover,
          serial_shops, shop
Temple:   nicolae_temple_figure_zero
Lair:1:   layout_loops_ring, chequers_serial_rivers_micro_a,
          beast_lair_carwin_2, grunt_megastairs_4
Lair:2:   layout_cave_pods, minmay_shoals_entry_centaurs, dummy_spider_entry
Lair:3:   layout_big_grid, zaba_anthell
Lair:4:   layout_roguey, nicolae_volcano_entry_two_sided, lemuel_centaur_altar,
          uniq_sonja

Skill      XL: |  1  2  3  4  5  6  7  8  9 10 11 |
---------------+----------------------------------+-----
Fighting       | 4 5 6 7 8 10 11 | 11.8
Maces & Flails | 3 4 6 8 10 13 16 18 | 18.1
Armour         | 5 |  5.8
Dodging        | |  0.2
Shields        | |  3.8

Action                   |  1- 3 |  4- 6 |  7- 9 | 10-12 || total
-------------------------+-------+-------+-------+-------++-------
Melee: Flail             |    64 |    75 |   325 |   350 ||   814
       Headbutt          |     8 |    13 |    92 |   125 ||   238
       Unarmed           |       |       |       |    29 ||    29
       Eveningstar       |       |       |       |    39 ||    39
  Use: Potion            |       |     1 |       |     7 ||     8
       Scroll            |       |       |    11 |     7 ||    18
 Stab: Sleeping          |       |       |     1 |     3 ||     4
       Distracted        |       |       |     1 |     2 ||     3
Armor: Scale mail        |    40 |    49 |    51 |       ||   140
       Leather armour    |       |       |    45 |    94 ||   139
       Ring mail         |       |       |     3 |       ||     3
Dodge: Dodged            |    31 |    39 |   148 |   184 ||   402
Block: Kite shield       |    37 |       |       |       ||    37
